 Dungeon Crawl Stone Soup version 0.28.0-53-g5a82cb258f (webtiles) character file.

Game seed: 5569775127574095449

23 Descartes the Scratcher (level 2, -1/12 HPs)
             Began as a Felid Wanderer on Aug 20, 2022.
             Slain by a gnoll
             ... wielding a +0 whip
              (9 damage)
             ... on level 2 of the Dungeon.
             The game lasted 00:02:05 (1075 turns).

Descartes the Scratcher (Felid Wanderer)            Turns: 1075, Time: 00:02:06

Health: -1/12      AC:  1    Str: 10    XL:     2   Next: 72%
Magic:  4/4        EV: 20    Int: 13    God:
Gold:   16         SH:  0    Dex: 13    Spells: 2/3 levels left
                                        Lives:  0   Deaths: 0

rFire   . . .      SeeInvis +     - Unarmed
rCold   . . .      Faith    .   (shield unavailable)
rNeg    . . .      Spirit   .   (armour unavailable)
rPois   .          Reflect  .   (helmet unavailable)
rElec   .          Harm     .   (cloak unavailable)
rCorr   .          Rampage  .   (gloves unavailable)
Will    .....                   (boots unavailable)
Stlth   ++........              (no amulet)
HPRegen 0.04/turn               d - +4 ring of evasion
MPRegen 0.09/turn               (no ring)

@: quick
A: very small, claws 1, fangs 3, see invisible, speed 1, shaggy fur 1, stealthy
paws, no weapons or thrown items, no armour, multi-lived
a: no special abilities


You were on level 2 of the Dungeon.
You visited 1 branch of the dungeon, and saw 2 of its levels.

You collected 16 gold pieces.

Inventory:

Jewellery
 d - a +4 ring of evasion (left paw)
Scrolls
 b - a scroll of fear
 e - 2 scrolls of amnesia {unknown}
 h - a scroll of teleportation {unknown}
 i - a scroll of identify {unknown}
 j - a scroll of magic mapping {unknown}
 k - a scroll of vulnerability {unknown}
 l - a scroll of blinking {unknown}
 m - a scroll of enchant weapon {unknown}
Potions
 a - a potion of berserk rage
 f - a potion of magic {unknown}
 g - 2 potions of haste {unknown}
Miscellaneous
 c - a piece from Xom's chessboard (15/15)


   Skills:
 - Level 1.0 Fighting
 + Level 1.0 Dodging
 * Level 1.5 Stealth
 + Level 4.0 Unarmed Combat
 - Level 1.0 Spellcasting
 * Level 0.9 Conjurations
 * Level 2.1 Air Magic
 - Level 1.0 Invocations
 + Level 1.3 Evocations


You had 2 spell levels left.
You knew the following spells:

 Your Spells              Type           Power      Damage    Failure   Level
a - Shock                 Conj/Air       16%        1d4       16%         1

Your spell library contained the following spells:

 Spells                   Type           Power      Damage    Failure   Level
 Swiftness                Air            6%         N/A       34%         3


Dungeon Overview and Level Annotations

Branches:
Dungeon (2/15)

Altars:


Innate Abilities, Weirdness & Mutations

You have sharp claws.
You have razor-sharp teeth.
You have supernaturally acute eyesight. (SInv)
You cover ground quickly. (Speed+)
You are covered in fur. (AC +1)
Your paws help you pounce on unaware monsters.
You are incapable of wielding weapons or throwing items.
You cannot wear armour.
You gain extra lives every three experience levels.


Message History

Done exploring.
Done exploring.
There is an open door here.
There is an open door here.
There is a stone staircase leading down here.
You climb downwards.
There is a stone staircase leading up here.
A goblin comes into view. It is wielding a +0 dagger.
A goblin is nearby!
Found a granite ring.
The goblin shouts!
You hear a shout! x3
The goblin misses you.
You scratch the goblin. Your bite misses the goblin.
The goblin is moderately wounded.
The goblin closely misses you.
You closely miss the goblin. The goblin hits you with a +0 dagger.
You barely miss the goblin. The goblin misses you.
You closely miss the goblin. You bite the goblin.
The goblin is moderately wounded.
The goblin hits you with a +0 dagger.
You scratch the goblin.
You kill the goblin!
No target in view!
No target in view!
No target in view!
No target in view!
No target in view!
No target in view!
No target in view!
A gnoll comes into view. It is wielding a +0 whip.
Unknown command.
You see here a +0 dagger.
Found a glowing hand axe.
You pounce on the helpless gnoll from behind!
You claw the gnoll!
The gnoll is severely wounded.
A hobgoblin comes into view. It is wielding a +0 dagger.
The gnoll hits you with a +0 whip!
Ouch! That really hurt!
You die...

#..# #..#
#..# #####
#..###.....
#...#......
#.#..g#
#.#..##
..)#..).#
#....@#
......=.g#
.###......
#.##....
... #.....
.##.
#.##### #.#
#.


You could see a gnoll and a hobgoblin.

Vanquished Creatures
  A dart slug (D:1)
  4 ball pythons
  A giant cockroach (D:1)
  3 goblins
  3 jackals (D:1)
  2 frilled lizards (D:1)
  4 kobolds (D:1)
  A rat (D:1)
19 creatures vanquished.

Notes
Turn   | Place    | Note
-------+----------+-------------------------------------------
     0 | D:1      | Descartes the Felid Wanderer began the quest for the Orb.
     0 | D:1      | Descartes set off with the following items: a potion of
                  | berserk rage, a scroll of fear, a piece from Xom's
                  | chessboard (15/15); and the following spell memorised:
                  | Shock; and the following spells available to memorise:
                  | Swiftness
     0 | D:1      | Reached XP level 1. HP: 9/9 MP: 3/3
    30 | D:1      | You fall into a shaft and drop 1 floor!
   410 | D:1      | Reached XP level 2. HP: 10/12 MP: 4/4
   414 | D:1      | Reached skill level 1 in Stealth
   823 | D:1      | Reached skill level 1 in Dodging
  1075 | D:2      | Slain by a gnoll

Illustrated notes

Levels and vault maps discovered:
D:1:      dpeg_arrival_shrine, layout_basic
D:2:      layout_rooms, minmay_close_crescents

Skill      XL: |  1  2 |
---------------+-------+-----
Air Magic      | 2 |  2.1
Stealth        | 1 |  1.5
Dodging        | 1 |  1.0
Fighting       | |  1.0
Unarmed Combat | |  4.0
Spellcasting   | |  1.0
Conjurations   | |  0.9
Invocations    | |  1.0
Evocations     | |  1.3

Action                   || total
-------------------------++-------
Melee: Unarmed           ||    44
       Bite              ||     2
       Punch             ||     1
 Cast: Shock             ||     3
 Stab: Sleeping          ||     2
       Distracted        ||     1
Armor: Skin              ||     1
Dodge: Dodged            ||    36
